Unix NetHack Version 5.0.0-0 post-release - last build Jun 10 2026 00:39:30 (3ee93aec679c4c4259841fe613dc97188e26a321,branch:main).

Game began 2026-06-24 20:20:09, ended 2026-06-24 21:24:09.

IceCreamJones, chaotic female human Wizard

            ------                                   ---------           ----
            |...<|                                   |.......|           |..|
            |.....#              -----------        #........|           |..|
            -.----#          ####.........(|        #|.......|           ----
             ###  #          #   |.........|        #|.......|
             # #  #          #   |.........|        #|.......|
        #   ## #  #          #   -------.---        #---.-----
      --.---|--#####         #          ####        #   #######
      |...../.|   ###        #             #       ##         #
      |`....@%|   #-|----  ###             #       #   #####  #
      |(...rrr-####.....|  #               ###     #     --.--.-
      |.......|   #|....|0##########################     |.....|
      |........####-...>-##          --------+---##      |.....|
      ------.--   #------#           |..........|##      |.....|
            ####################     |...........##      |.....|#######
                               #     |..........|#       |......#   --.----
                               ######|..........|#       -------#   |.....|
                                    #-..........|###################-.^...|
                                     ------------                   -------

IceCreamJones the Thaumaturge  St:13 Dx:14 Co:15 In:16 Wi:14 Ch:10  Chaotic
Dlvl:2  $:0  HP:0(58) Pw:55(60) AC:5  Xp:7 T:7540 

Latest messages:
 You finish taking off your helm.
 What do you want to wear? [iO or ?*]
 You are now wearing a cloak of magic resistance.
 What do you want to read? [hlmQ or ?*]
 As you read the scroll, it disappears.
 Your cloak of magic resistance glows silver for a moment.
 What do you want to wear? [i or ?*]
 You finish your dressing maneuver.
 You put an uncursed light green spellbook into the chest.
 You put an uncursed plain spellbook into the chest.
 The wererat zaps an aluminum wand!
 Boing!
 The wererat hits!
 You hit the wererat!
 The wererat summons help!
 A giant rat suddenly appears next to you!
 A sewer rat suddenly appears next to you!
 A rabid rat suddenly appears next to you!
 A giant rat suddenly appears next to you!
 A giant rat suddenly appears next to you!
 The wererat misses!
 In what direction?
 The spell hits the wererat!
 You kill the wererat!
 You feel more confident in your spell casting skills.
 The giant rat bites!
 The giant rat bites!
 The rabid rat bites!
 The sewer rat bites!
 The giant rat bites!
 You hit the giant rat!
 The giant rat bites!
 The giant rat bites!
 The rabid rat bites!
 The sewer rat bites!
 The giant rat bites!
 You kill the giant rat!
 The giant rat bites!
 The rabid rat bites!
 The sewer rat bites!
 You kill the giant rat!
 The giant rat bites!
 The rabid rat bites!
 The rabid rat's bite was poisoned!
 You die...
 Do you want your possessions identified? [ynq] (y)
 Do you want to see your attributes? [ynq] (y)
 Do you want an account of creatures vanquished? [ynaq] (y)
 Do you want to see your conduct and achievements? [ynq] (y)
 Do you want to see the dungeon overview? [ynq] (y)

Inventory:
 Weapons  (')')
  K - 4 +0 silver arrows
  H - 10 +0 darts
  F - 4 +0 orcish daggers (at the ready)
  a - a blessed +1 quarterstaff (weapon in hands)
 Armor    ('[')
  i - an uncursed +0 orcish helm (being worn)
  O - an uncursed +3 cloak of magic resistance (being worn)
 Comestibles  ('%')
  o - an uncursed tripe ration
  X - 2 uncursed lichen corpses
  k - an uncursed lizard corpse
 Scrolls  ('?')
  h - an uncursed scroll of teleportation
 Potions  ('!')
  g - an uncursed potion of blindness
 Rings    ('=')
  j - an uncursed ring of cold resistance
  e - an uncursed ring of stealth (on right hand)
  d - an uncursed ring of warning
 Wands    ('/')
  E - a wand of magic missile (0:1)
  c - a wand of speed monster (0:4)
  I - a wand of teleportation (0:5)
 Tools    ('(')
  b - an uncursed sack containing 13 items
  r - an uncursed skeleton key
  M - an uncursed tin whistle
  G - an uncursed towel

Contents of the sack:
  362 gold pieces
  an uncursed +0 orcish helm
  4 uncursed potions of healing
  an uncursed potion of invisibility
  4 uncursed potions of water
  a cursed ring of teleportation
  a wand of create monster (0:10)
  a wand of light (0:11)
  an uncursed brass lantern
  2 uncursed aquamarine stones
  an uncursed worthless piece of black glass
  an uncursed worthless piece of blue glass
  an uncursed worthless piece of orange glass

IceCreamJones the Wizard's attributes:

Background:
 You were a Thaumaturge, a level 7 female human Wizard.
 You were chaotic, on a mission for Anhur
 who was opposed by Ptah (lawful) and Thoth (neutral).
 You were right-handed.
 You were in the Dungeons of Doom, on level 2.
 You entered the dungeon 7540 turns ago.
 You had 796 experience points, 484 more were needed to attain level 8.

Basics:
 You had 0 out of 58 hit points.
 You had 55 out of 60 energy points (spell power).
 Your armor class was 5.
 Your wallet was empty, but
 you had 362 zorkmids stashed away in your pack.
 Autopickup was off.

Final Characteristics:
 Your strength was 13 (limit:18/100).
 Your dexterity was 14 (limit:18).
 Your constitution was 15 (limit:18).
 Your intelligence was 16 (limit:18).
 Your wisdom was 14 (limit:18).
 Your charisma was 10 (limit:18).

Final Status:
 You weren't hungry.
 You were unencumbered.
 You were wielding a quarterstaff.
 You were skilled in quarterstaff.

Final Attributes:
 You were piously aligned.
 You were magic-protected.
 You were telepathic.
 You were stealthy.
 You were warded.
 You are dead.

Miscellaneous:
 You didn't encounter any bones levels.
 Total elapsed playing time was 1 hour, 3 minutes and 49 seconds.

Major events:
 Turn
    1: IceCreamJones the chaotic female human Wizard entered the dungeon
 1678: attained the rank of Conjurer (level 3)
 2548: entered the Gnomish Mines
 5008: attained the rank of Thaumaturge (level 6)
 7540: killed by a rabid rat

Spells:
 Name                 Level Category     Fail Retention
 force bolt             1   attack         0%   61%-70%
 confuse monster        1   enchantment    0%   61%-70%
 cure blindness         2   healing       60%  76%-100%
 detect food            2   divination    60%  76%-100%

Skills:
 Fighting Skills
   bare handed combat [Unskilled]
   riding             [Unskilled]
 Weapon Skills
   dagger             [Unskilled]
   knife              [Unskilled]
   axe                [Unskilled]
   short sword        [Unskilled]
   club               [Unskilled]
   mace               [Unskilled]
   quarterstaff       [Skilled]
   polearms           [Unskilled]
   spear              [Unskilled]
   trident            [Unskilled]
   sling              [Unskilled]
   dart               [Unskilled]
   shuriken           [Unskilled]
 Spellcasting Skills
   attack spells      [Basic]
   healing spells     [Unskilled]
   divination spells  [Unskilled]
   enchantment spells [Basic]
   clerical spells    [Unskilled]
   escape spells      [Unskilled]
   matter spells      [Unskilled]

Voluntary challenges:
 Character rerolling was not enabled.
 You never genocided any monsters.
 You never polymorphed an object.
 You never changed form.
 You used no wishes.
Achievements:
 You attained the rank of Conjurer.
 You entered a shop.
 You entered the Gnomish Mines.
 You attained the rank of Thaumaturge.

 The Dungeons of Doom: levels 1 to 9
    Level 1:
       Some fountains.
    Level 2: <- You were here.
       An altar to Anhur.
       Final resting place for
          you, killed by a rabid rat.
    Level 3:
       A general store.
    Level 4:
       A general store, a fountain, a grave.
       Stairs down to The Gnomish Mines.
    Level 5:
       Some fountains.
    Level 6:
       A throne.
    Level 7:
       A fountain, a sink.
    Level 8:
       A fountain, a grave.
    Level 9:
 The Gnomish Mines:
    Level 5:


Vanquished creatures:
  a giant beetle
  a winter wolf cub
  a leprechaun
  a vampire bat
  a lizard
  a dingo
  a jaguar
  a dust vortex
  a plains centaur
  a gnome mummy
  a human zombie
  2 Mordor orcs
  2 rock moles
  a fog cloud
  a violet fungus
  a gnome leader
  a ghoul
  5 floating eyes
  3 kobold leaders
  3 hill orcs
  2 rothes
  2 giant bats
  2 dwarf zombies
  2 wererats
  3 werejackals
 an iguana
  4 coyotes
  a gas spore
  a hobbit
  2 hobgoblins
  6 giant rats
  3 cave spiders
  2 brown molds
  a red mold
 11 garter snakes
  8 geckos
  9 jackals
  3 foxes
  a kobold
  3 goblins
  6 sewer rats
  3 grid bugs
  9 lichens
  3 kobold zombies
  6 newts
124 creatures vanquished.

No species were genocided or became extinct.

Game over:
                       ----------
                      /          \
                     /    REST    \
                    /      IN      \
                   /     PEACE      \
                  /                  \
                  |  IceCreamJones   |
                  |      362 Au      |
                  |   killed by a    |
                  |    rabid rat     |
                  |                  |
                  |                  |
                  |       2026       |
                 *|     *  *  *      | *
        _________)/\\_//(\/(/\)/\//\/|_)_______

Goodbye IceCreamJones the Wizard...

You died in The Dungeons of Doom on dungeon level 2 with 3990 points,
and 362 pieces of gold, after 7540 moves.
You were level 7 with a maximum of 58 hit points when you died.

